Cogmind - Beta 10.2 @@@ ROGUE MODE // 2021.02.14 @ 23:59:31 Player: tc Result: Destroyed by Y-45 Defender with Heavy Assault Rifle Performance ------------- Evolutions (2) 1000 Regions Visited (3) 600 Robots Destroyed (30) 150 Value Destroyed (976) 976 Prototype IDs (4) 80 Alien Tech Used (0) 0 Bonus (0) 0 TOTAL SCORE: 2806 Bonus ------- None Cogmind --------- Core Integrity 0/550 Matter 123/300 Energy 100/100 System Corruption 0% Temperature Cool (0) Movement Core (300) Ox5 Location -8/Materials Parts ------- > --- POWER (2) -------- (None) > --- PROPULSION (3) --- (None) > --- UTILITY (3) ------ Large Storage Unit > --- WEAPON (3) ------- (None) > --- INVENTORY (10) --- Aluminum Leg Heat Sink Medium Storage Unit Light Armor Plating Peak State ------------ > --- POWER ------------ Ion Engine Heavy Ion Engine > --- PROPULSION ------- Light Treads Light Treads > --- UTILITY ---------- Large Storage Unit Advanced Weight Redist. System Hardened Medium Armor Plating > --- WEAPON ----------- Beam Rifle Beam Rifle Grenade Launcher > --- INVENTORY -------- Aluminum Leg Heat Sink Medium Storage Unit Light Armor Plating Shotgun [Rating: 18] Favorites ----------- Power Ion Engine Engine Ion Engine Propulsion Aluminum Leg Treads Light Treads Leg Aluminum Leg Wheel Wheel Flight Unit Flight Unit Utility Small Storage Unit Device Heat Sink Storage Small Storage Unit Processor Seismic Analyzer Protection Hardened Medium Armor Plating Weapon Small Laser Energy Gun Small Laser Energy Cannon Particle Cannon Ballistic Gun Light Assault Rifle Ballistic Cannon Improved Light Cannon Launcher Grenade Launcher Build | -11 -10 -9 -8 ------- Run | Scr Mat Mat Mat Slots Evolved 4 | . . 2 2 Power 1 | . . . 1 Propulsion 1 | . . 1 . Utility 1 | . . 1 . Weapon 1 | . . . 1 Parts Attached 40 | 5 7 25 3 Power 6 | 1 . 4 1 Engine 6 | 1 . 4 1 Core . | . . . . Reactor . | . . . . Propulsion 9 | 2 2 5 . Treads 2 | . . 2 . Leg 2 | . 2 . . Wheel 2 | 2 . . . Hover . | . . . . Flight 3 | . . 3 . Utility 8 | 1 1 6 . Device 3 | . 1 2 . Storage 3 | 1 . 2 . Processor 1 | . . 1 . Hackware . | . . . . Protection 1 | . . 1 . Artifact . | . . . . Weapon 17 | 1 4 10 2 Energy Gun 7 | 1 2 3 1 Energy Cannon 1 | . . 1 . Ballistic Gun 3 | . 2 . 1 Ballistic Cannon 3 | . . 3 . Launcher 3 | . . 3 . Special Weapon . | . . . . Impact Weapon . | . . . . Slashing Weapon . | . . . . Piercing Weapon . | . . . . Special Melee Weapon . | . . . . Unidentified Prototypes 2 | . . 2 . Parts Lost 24 | . 6 9 9 Power 4 | . . 2 2 Propulsion 6 | . 2 2 2 Utility 3 | . 1 . 2 Weapon 11 | . 3 5 3 Highest Loss Streak 6 | . 5 3 6 Average Slot Usage (%) 86 | . 87 88 70 Engine 12 | . 14 10 14 Treads 4 | . . 6 15 Leg 14 | . 18 13 . Wheel 2 | . 7 . . Flight 4 | . . 7 . Device 9 | . 4 13 9 Storage 11 | . 14 11 9 Processor 2 | . . 3 . Protection 1 | . . 1 6 Energy Gun 9 | . 14 5 8 Energy Cannon 2 | . . 4 . Ballistic Gun 5 | . 13 1 3 Ballistic Cannon 4 | . . 8 . Launcher 1 | . . 1 4 Naked Turns . | . . . . Heaviest Build 46 | 10 12 38 46 Greatest Support 49 | 20 20 40 49 Greatest Overweight (x) 5 | 1 3 4 5 Average Overweight (x) . | . . . . Largest Inventory Capacity 10 | 6 6 10 10 Average Capacity 7 | 5 6 7 10 Most Carried 8 | 5 6 8 6 Average Carried 5 | 2 4 6 4 Final Capacity 10 | 6 6 10 10 Final Carried 7 | 5 6 7 4 Class Distribution -------------------- 95% | Mutant 4% | Tank Dominant Class ---------------- Mutant | -10/Materials Mutant | -9/Materials Mutant | -8/Materials Resources | -11 -10 -9 -8 ----------- Run | Scr Mat Mat Mat Matter Collected 611 | 226 103 282 . Remotely . | . . . . Salvage Created 830 | . 245 482 103 Parts 50 | . 13 32 5 Haulers Intercepted . | . . . . Recyclers Shooed . | . . . . Parts Field Recycled . | . . . . Retrieved Matter . | . . . . Parts Self-Destructed . | . . . . Prevented . | . . . . Kills | -11 -10 -9 -8 ------- Run | Scr Mat Mat Mat Combat Hostiles Destroyed 28 | . 8 17 3 Guns 11 | . 8 3 . Cannons 13 | . . 13 . AOE 4 | . . 1 3 Classes Destroyed 4 | . 2 1 1 Builder 2 | . . . 2 Swarmer 7 | . 3 4 . Grunt 14 | . 5 6 3 Sentry 7 | . . 7 . Best Kill Streak 5 | . 3 5 5 Combat Bots Only 5 | . 3 5 3 Max Kills in Single Turn 3 | . 1 1 3 Gunslinging . | . . . . Exploded 1 | . . 1 1 Melee . | . . . . Uniques/NPCs Destroyed . | . . . . Combat | -11 -10 -9 -8 -------- Run | Scr Mat Mat Mat Damage Taken 3260 | . 548 1152 1560 Core 934 | . 143 239 552 Absorbed by Shields . | . . . . Core Remaining (%) 60 | 100 42 40 . Volleys Fired 100 | . 47 44 9 Largest 3 | . 2 2 3 Hottest 142 | . 80 107 142 Shots Fired 193 | . 88 85 20 Gun 133 | . 88 28 17 Cannon 54 | . . 54 . Launcher 6 | . . 3 3 Special . | . . . . Kinetic 85 | . 35 48 2 Thermal 100 | . 53 32 15 Explosive 6 | . . 3 3 Electromagnetic 2 | . . 2 . Robot Hit Streak 13 | . 8 13 5 Robot Miss Streak 7 | . 7 2 2 Penetration Max . | . . . . Secondary Targets 1 | . 1 . . Max Gunslinging Chain 1 | . 1 . . Shots Hit Robots 119 | . 46 62 11 Core Hits 52 | . 16 22 14 Critical Hits 1 | . . 1 . Critical Kills . | . . . . Critical Parts Destroyed 1 | . . 1 . Melee Attacks . | . . . . Impact . | . . . . Slashing . | . . . . Piercing . | . . . . Sneak Attacks . | . . . . Combat Hostiles . | . . . . Follow-up Attacks . | . . . . Damage Inflicted 1976 | . 386 1163 427 Guns 778 | . 386 251 141 Cannons 867 | . . 867 . Explosions 331 | . . 45 286 Melee . | . . . . Ramming . | . . . . Kinetic 874 | . 134 728 12 Thermal 759 | . 252 378 129 Explosive 331 | . . 45 286 Electromagnetic 12 | . . 12 . Impact . | . . . . Slashing . | . . . . Piercing . | . . . . Highest Corruption 1 | . . 1 . Average Corruption 1 | . . 1 . Corruption Purged . | . . . . Effects 2 | . . 2 . Message Errors 1 | . . 1 . Data Loss (minor) 1 | . . 1 . Overload Shots . | . . . . Overflow Damage 4 | . . 4 . Projectiles 4 | . . 4 . Explosions . | . . . . Melee . | . . . . Knockbacks 6 | . . 6 . Impact . | . . . . Kinetic 6 | . . 6 . Secondary . | . . . . Self-Inflicted Damage 22 | . . 22 . Shots 1 | . . 1 . Rammed 2 | . . . 2 Targets Rammed 2 | . . . 2 Kicked . | . . . . Crushed . | . . . . Highest Temperature 617 | . 170 289 617 Average Temperature 135 | . 63 76 315 Received Heat Transfer 1167 | . 174 453 540 Effects 15 | . . . 15 Shutdowns 5 | . . . 5 Energy Bleed 1 | . . . 1 Matter Decay 1 | . . . 1 Short Circuit 4 | . . . 4 Damage (minor) 1 | . . . 1 Damage (major) 1 | . . . 1 Damage (core) 2 | . . . 2 Siege Activations . | . . . . Robots Corrupted . | . . . . Combat Hostiles . | . . . . Parts Fried . | . . . . Impact Corruptions . | . . . . Robots Melted . | . . . . Combat Hostiles . | . . . . Parts Melted 3 | . 1 2 . Heat Transferred 1699 | . 575 791 333 Parts Sabotaged . | . . . . Parts Stolen . | . . . . Parts Stripped . | . . . . Power Chain Reactions 1 | . . 1 . Missiles Intercepted . | . . . . Alert | -11 -10 -9 -8 ------- Run | Scr Mat Mat Mat Peak Influence 387 | . 200 387 208 Initial 105 | . . 5 105 Average 133 | . 88 166 157 Maximum Alert Level 1 | . 1 1 1 Low Security (%) 78 | 100 96 64 91 Level 1 21 | . 3 35 8 Level 2 . | . . . . Level 3 . | . . . . Level 4 . | . . . . Level 5 . | . . . . High Security . | . . . . Max Security . | . . . . Squads Dispatched 8 | . 3 2 3 Investigation . | . . . . Extermination . | . . . . Reinforcement 6 | . 3 2 1 Assault . | . . . . Garrison 2 | . . . 2 Intercept . | . . . . Construction Impeded 1 | . . . 1 Haulers Reinforced . | . . . . Stealth | -11 -10 -9 -8 --------- Run | Scr Mat Mat Mat Distress Signals 8 | . 4 3 1 Communications Jammed . | . . . . Distress Signals . | . . . . Times Spotted 60 | . 20 26 14 Peak Tracking Total 10 | . 5 9 10 Tactical Retreats 4 | . 3 1 . Traps | -11 -10 -9 -8 ------- Run | Scr Mat Mat Mat Traps Triggered 1 | . . 1 . Indirectly . | . . . . Trap Hack Attempts . | . . . . Triggered . | . . . . Disarmed . | . . . . Reprogrammed . | . . . . Reused . | . . . . Traps Extracted . | . . . . Installed . | . . . . Triggered . | . . . . Machines | -11 -10 -9 -8 ---------- Run | Scr Mat Mat Mat Machines Disabled 5 | . . 4 1 Max in Single Turn 2 | . . 2 1 Machines Sabotaged . | . . . . Garrisons Compromised . | . . . . Overloaded Fab Kills . | . . . . Fab Network Shutdowns . | . . . . Hacking | -11 -10 -9 -8 --------- Run | Scr Mat Mat Mat Machines Accessed 8 | . 2 5 1 Terminals 6 | . 2 3 1 Fabricators . | . . . . Repair Stations . | . . . . Recycling Units 1 | . . 1 . Scanalyzers 1 | . . 1 . Garrison Access . | . . . . Total Hacks 16 | . 5 10 1 Successful 11 | . 2 8 1 Failed 5 | . 3 2 . Catastrophic . | . . . . Database Lockouts . | . . . . Manual . | . . . . Terminals 13 | . 5 7 1 Fabricators . | . . . . Repair Stations . | . . . . Recycling Units 1 | . . 1 . Scanalyzers 2 | . . 2 . Garrison Access . | . . . . Terminal Hacks 8 | . 2 5 1 Record 3 | . 1 2 . Prototype ID Bank 1 | . 1 . . Emergency Access Points 2 | . . 2 . Locate Traps 1 | . . . 1 Registered Components 1 | . . 1 . Fabricator Hacks . | . . . . Repair Station Hacks . | . . . . Recycling Unit Hacks 1 | . . 1 . Report Inventory 1 | . . 1 . Scanalyzer 2 | . . 2 . Insert Component 1 | . . 1 . Analyze 1 | . . 1 . Garrison Access Hacks . | . . . . Unauthorized Hacks . | . . . . Terminals . | . . . . Fabricators . | . . . . Repair Stations . | . . . . Recycling Units . | . . . . Scanalyzers . | . . . . Garrison Access . | . . . . Data Cores Recovered . | . . . . Used . | . . . . Hacking Detections 3 | . 2 1 . Full Trace Events . | . . . . Feedback Events . | . . . . Feedback Blocked . | . . . . Robot Schematics Acquired . | . . . . Robots Built . | . . . . Matter . | . . . . Time . | . . . . Total Robot Build Rating . | . . . . Part Schematics Acquired 1 | . . 1 . Parts Built . | . . . . Matter . | . . . . Time . | . . . . Total Part Build Rating . | . . . . Parts Repaired . | . . . . Time . | . . . . Parts Recycled . | . . . . Recycled Matter . | . . . . Retrieved Matter . | . . . . Retrieved Components . | . . . . Parts Scanalyzed 1 | . . 1 . Part Schematics Acquired 1 | . . 1 . Parts Damaged . | . . . . Bothacking | -11 -10 -9 -8 ------------ Run | Scr Mat Mat Mat Used RIF Installer . | . . . . Robots Hacked . | . . . . Non-combat . | . . . . Combat . | . . . . Robot Hacks Applied . | . . . . Relay Couplers Released . | . . . . Robots Rewired . | . . . . Allies Hacked . | . . . . Hacks Repelled . | . . . . Allies | -11 -10 -9 -8 -------- Run | Scr Mat Mat Mat Total Allies . | . . . . Largest Group . | . . . . Highest-Rated Group . | . . . . Highest-Rated Ally . | . . . . Total Orders . | . . . . Ally Attacks . | . . . . Total Damage . | . . . . Kills . | . . . . Allies Corrupted . | . . . . Allies Melted . | . . . . Intel | -11 -10 -9 -8 ------- Run | Scr Mat Mat Mat Robot Analysis Total . | . . . . Derelict Logs Recovered . | . . . . Drone Launches . | . . . . Drone Recoveries . | . . . . Exploration | -11 -10 -9 -8 ------------- Run | Scr Mat Mat Mat Turns Passed 1692 | 57 571 908 156 Spaces Moved 1035 | 52 368 545 70 Core 32 | 7 6 18 1 Treads 217 | . . 148 69 Legs 660 | . 284 376 . Wheels 123 | 45 78 . . Hover . | . . . . Flight 3 | . . 3 . Fastest Speed 50 | 50 80 100 160 Average Speed 125 | 81 112 130 174 Slowest Speed 370 | 100 200 370 300 Overloaded Moves . | . . . . Propulsion Burnouts . | . . . . Robots Hopped . | . . . . Cave-ins Triggered . | . . . . Exploration Rate (%) 30 | 4 49 55 12 Regions Visited 3 Branch Regions . Pre-discovered Areas . | . . . . Known Exits Taken . | . . . . Unknown Exits Taken 3 | 1 1 1 . Scrap Searched . | . . . . Spaces Dug . | . . . . Terrain Destroyed 19 | . . 15 4 Melee . | . . . . Projectile . | . . . . AOE 19 | . . 15 4 Terrain Rammed . | . . . . Walls Destroyed . | . . . . Machines Disabled . | . . . . Actions | -11 -10 -9 -8 --------- Run | Scr Mat Mat Mat Total 1248 | 66 443 655 84 Wait 23 | . 12 11 . Move 1032 | 51 367 544 70 Hop . | . . . . Pick Up 41 | 10 9 22 . Fast Attach . | . . . . Attach 31 | 5 7 16 3 Detach . | . . . . Swap 9 | . . 9 . Drop 10 | . 1 9 . Fire 100 | . 47 44 9 Melee . | . . . . Ram 2 | . . . 2 Kick . | . . . . Crush . | . . . . Escape Stasis . | . . . . Rewire . | . . . . Trap . | . . . . Miscellaneous . | . . . . Route ------- -11/Scrapyard -10/Materials (discovered 2 exits: *Mat / [*Min]) -9/Materials -8/Materials History --------- Turn | Location | Event 14 | -11/Scrapyard | Discovered new exit (range 16) 58 | -11/Scrapyard | Entered Materials 82 | -10/Materials | Discovered new exit (range 16) 253 | -10/Materials | Lost 5 parts (2n3w) 302 | -10/Materials | Build established: Mutant 425 | -10/Materials | Core integrity fell below 50% 469 | -10/Materials | Discovered new exit (range 7) 629 | -10/Materials | Entered another Materials area 629 | -9/Materials | Evolved 2 slots: Propulsion x1, Utility x1 1245 | -9/Materials | Core integrity fell below 50% 1278 | -9/Materials | Lost 3 parts (1p1n1w) 1449 | -9/Materials | Discovered new exit (range 11) 1537 | -9/Materials | Entered another Materials area 1537 | -8/Materials | Evolved 2 slots: Power x1, Weapon x1 1581 | -8/Materials | Garrison activated, responded to threat 1642 | -8/Materials | Core integrity fell below 50% 1683 | -8/Materials | Lost 6 parts (1p1n1u3w) 1687 | -8/Materials | Core integrity fell below 20% 1693 | -8/Materials | Destroyed by Y-45 Defender with Heavy Assault Rifle Last Messages --------------- U-05 Engineer lays Concrete. Hrd. Medium Armor Plating destroyed. Ion Engine destroyed. A-02 Transporter destroyed. U-05 Engineer lays Concrete. R-06 Scavenger collects Transport Network Coupler. Broken Lgt. Treads destroyed. U-05 Engineer destroyed. Broken Shotgun severed. G-47 Trooper destroyed. L-31 Rogue destroyed. S-10 Pest suffers critical hit. G-47 Trooper destroyed. U-05 Engineer lays Concrete. Hvy. Ion Engine destroyed. Lgt. Treads destroyed. Slammed into S-10 Pest. S-10 Pest destroyed. Slammed into U-05 Engineer. Broken Adv. Weight Redist. System destroyed. Map ----- +----------------------------------------------------+ | ??????????????????????????????? | | ????????????????????????????????" % | | ????????????????????????????????Y % ### | | ????????????????????????????????" % # | | ??????????????????????????????? ^ """ "" | | ???????????????????????????????? """ """ # | | ??????????????????????????????? """ """ # | | ??????????????????????????????? # | | ??????????????????????????????? ! #" | | ??????????????????????????????? #T | | ????????????????????????????????#"Y"####"T"# #" | | ???????????????????????????????????????#"""# # | | ???????????????????????????????????????###?# ### | | ???????????????????????????????????????????# #?? | | ???????????????????????????????????????????#*= #?? | | ????????????????????????????????????######?#%= #?? | | ????????????????????????????????????# """ ?#]= #?? | | ????????????????????????????????????# """ # ! #?? | | ????????????????????????????????????# """ #*%=#?? | | ????????????????????????????????????# + ! #?? | | ????????????????????????????????????# # #?? | | ?????????????####???????????????????# # #?? | | ???????????### ###+##################### #?? | | ?????????? s u g = u=%* #?? | | ?????????? % s g uu !%[ ! #?? | | ?????????? @ b u/= #?? | | ?????????????# ##########+######+###########?? | | ???????????????????????????# ??# #??????????? | | ???????????????????????????# # #??????????? | | ???????????????????????????# # #??????????? | | ???????????????????????????# # #??????????? | | ???????????????????????????# # #??????????? | | ???????????????????????????# # #??????????? | | ???????????????????????????######## #??????????? | | ??????????????????????????????????#####??????????? | | ?????????????????????????????????????????????????? | | ?????????????????????????????????????????????????? | | ?????????????????????????????????????????????????? | | ?????????????????????????????????????????????????? | | ?????????????????????????????????????????????????? | | ?????????????????????????????????????????????????? | | ?????????????????????????????????????????????????? | | ?????????????????????????????????????????????????? | | ?????????????????????????????????????????????????? | | ?????????????????????????????????????????????????? | | ?????????????????????????????????????????????????? | | ?????????????????????????????????????????????????? | | ?????????????????????????????????????????????????? | | ?????????????????????????????????????????????????? | | ?????????????????????????????????????????????????? | +----------------------------------------------------+ Best States ------------- Heat Dissipation 38 Energy Generation 19 Energy Capacity 430 Matter Stores 300 Matter Capacity 300 Sight Range 16 Terrain Scan Density 60 Additional Mass Support 9 Armor Coverage 225 Evasion (%) 44 Recoil Reduction 2 Item Schematics ----------------- Lrg. Storage Unit | -9/Materials | Scanalyzed Robot Schematics ------------------ None Fabricated ------------ Nothing Alien Tech Used ----------------- None Achievements -------------- None Challenges ------------ None Game ------ Seed TransmissionAlloyCharger Manual? 0 Play Time 00:38:13 Cumulative 3.7 hours Start 2021.02.14 @ 23:22:47 End 2021.02.14 @ 23:59:31 Sessions 1 Manual Loads 0 Difficulty Rogue Special Mode None Game No. 4 Rogue 4 Adventurer 0 Explorer 0 Win Type - Total 0 Types 0/0/0/0/0/0/0/0/0 Lore% 3 Gallery% 6 Achievement% 8 Wizard Run 0 Options --------- ASCII 0 Keyboard 0 Movement Numpad Keybinds 0 Fullscreen 1 Font 12/Smallcaps Map View 83x54 Tactical HUD 0 Map Filters NONE Filters NONE Steam 1 RUN: 002b344c-e951-4fc7-866b-2f87fcd6fde0